Map: Prüfung von Aiur LE

Players

Jockel

  • Race: Zerg Zerg
  • League: Diamond
  • Spawn Location: 11:00

Panda - Winner!

  • Race: Zerg Zerg
  • League: Diamond
  • Spawn Location: 5:00

VOD

Have the link to the VOD?

Description

Time

  • Played on: Sept. 7, 2017, 9:25 a.m.
  • Length: 2:52
Show
View Real Time Build Order
Export as new Build Order

Jockel Zerg 

Build Orders: Hatch First 

Get SALT Encoding   

  12  0:03  Drone  
  13  0:13  Overlord  
  13  0:21  Drone  
  14  0:33  Drone x2  
  16  0:37  Drone  
  17  0:53  Hatchery  
  17  0:56  Drone  
  17  1:01  Drone  
  18  1:06  Extractor  
  17  1:16  Spawning Pool  
  16  1:18  Drone  
  16  1:22  Drone  
  18  1:29  Drone  
  19  1:40  Overlord  
  19  1:51  Drone  
  20  2:09  Queen  
  20  2:10  Zergling x4  
  20  2:13  Queen  
  26  2:22  Spine Crawler  
Show
View Real Time Build Order
Export as new Build Order

Panda Zerg - Winner!

Build Orders: Pool Only 

Get SALT Encoding   

  12  0:01  Drone  
  13  0:15  Extractor  
  12  0:24  Spawning Pool  
  12  0:28  Drone  
  12  0:36  Drone  
  12  0:42  Overlord  
  13  0:48  Drone  
  14  1:11  Zergling x2  
  14  1:12  Zergling x4  
  14  1:17  Metabolic Boost  
  17  1:22  Zergling x2  
  18  1:33  Zergling x2  
  19  1:43  Baneling Nest  
  19  1:45  Zergling x2  
  19  1:52  Queen  
  21  1:56  Zergling x2  
  22  2:22  Overlord  
Tags
 
Add a new tag
Caveats
  • Supply blocks, unpowered buildings, or Contaminate may cause inaccurate times.
  • Supply counts are checked every 10 seconds.